 Dungeon Crawl Stone Soup version 0.30-a0-918-g0ff054e9dc (webtiles) character file.

Game seed: 16213127369815468049

122796 senseless the Tortoise (level 16, -6/134 (157) HPs)
             Began as a Minotaur Fighter on Mar 18, 2023.
             Was the Champion of Okawaru.
             Mangled by Asterion
             ... wielding a +0 demon trident of draining
              (20 damage)
             ... on level 3 of the Snake Pit on Mar 20, 2023.
             The game lasted 01:13:33 (24307 turns).

senseless the Tortoise (Minotaur Fighter)          Turns: 24307, Time: 01:13:34

HP:   -6/134 (157)  AC: 35    Str: 33    XL:     16   Next: 35%
MP:   6/6           EV: 13    Int: 13    God:    Okawaru [******]
Gold: 1637          SH: 28    Dex: 13    Spells: 15/15 levels left

rFire   . . .      SeeInvis +    c - +3 broad axe (freeze)
rCold   + . .      Faith    .    w - +5 kite shield
rNeg    . . .      Spirit   .    T - +4 plate armour {rC+}
rPois   +          Reflect  +    v - +2 hat of Cloud Cover {rPois rCorr Dex-2 SInv}
rElec   .          Rampage  .    U - +2 cloak {Stlth+}
rCorr   +                        f - +2 pair of gloves {Dex+3}
Will    +....                    O - +2 pair of boots {Fly} Stlth
                                 W - amulet of reflection
HPRegen 0.42/turn                B - ring "Bownu" {MP-9 Str+6 Dex+4 Slay+2}
MPRegen 0.10/turn                t - +5 ring of evasion

@: flying, studying 2 skills, heavily drained
A: horns 2, retaliatory headbutt, large bone plates 1, clever 2
a: Renounce Religion, Heroism, Finesse, Duel


You were on level 3 of the Snake Pit.
You worshipped Okawaru.
Okawaru was exalted by your worship.
You visited 4 branches of the dungeon, and saw 22 of its levels.
You also visited: Sewer, Ossuary, Bailey, Gauntlet and Ice Cave.

You collected 2271 gold pieces.
You spent 634 gold pieces at shops.

Inventory:

Hand Weapons
 a - a +0 war axe of flaming
 c - a +3 broad axe of freezing (weapon)
 j - a +4 arbalest of freezing
 Q - a +5 battleaxe of freezing
 X - a +5 hand axe of protection
Armour
 f - a +2 pair of gloves of dexterity (worn)
 v - the +2 hat of Cloud Cover (worn) {rPois rCorr Dex-2 SInv}
   (Okawaru gifted it to you on level 1 of the Lair of Beasts)

   Dex:       It affects your dexterity (-2).
   rPois:     It protects you from poison.
   SInv:      It lets you see invisible.
   rCorr:     It protects you from acid and corrosion.
 w - a +5 kite shield (worn)
 O - a +2 pair of boots of flying (worn)
 T - a +4 plate armour of cold resistance (worn)
 U - a +2 cloak of stealth (worn)
Jewellery
 b - a ring of fire
 t - a +5 ring of evasion (right hand)
 y - a ring of ice
 z - an amulet of faith
 B - the ring "Bownu" (left hand) {MP-9 Str+6 Dex+4 Slay+2}
   (You found it in a Gauntlet)

   [ring of strength]

   Str:       It affects your strength (+6).
   Dex:       It affects your dexterity (+4).
   Slay:      It affects your accuracy & damage with ranged weapons and melee
   (+2).
   MP:        It affects your magic capacity (-9).
 G - a ring of see invisible
 W - an amulet of reflection (around neck)
Wands
 i - a wand of charming (26)
 m - a wand of flame (54) (quivered)
 s - a wand of light (13)
 u - a wand of polymorph (7)
 S - a wand of digging (4)
 Y - a wand of iceblast (10)
 Z - a wand of mindburst (8)
Scrolls
 k - 5 scrolls of fear
 n - a scroll of fog
 r - 3 scrolls of blinking
 C - 9 scrolls of identify
 H - 9 scrolls of teleportation
 K - 3 scrolls of magic mapping
 P - 4 scrolls of amnesia
 R - a scroll of brand weapon
Potions
 d - 4 potions of resistance
 e - 7 potions of attraction
 g - 8 potions of mutation
 h - 2 potions of flight
 l - 16 potions of curing
 o - 9 potions of magic
 p - 6 potions of cancellation
 q - 3 potions of heal wounds
 A - 2 potions of berserk rage
 D - 11 potions of might
 F - 6 potions of ambrosia
 I - 6 potions of lignification
 J - 4 potions of brilliance
 L - 4 potions of haste
 M - 4 potions of invisibility


   Skills:
 + Level 18.1 Fighting
 + Level 17.9 Axes
 + Level 18.1 Armour
 + Level 18.1 Shields


You had 15 spell levels left.
You didn't know any spells.
Your spell library contained the following spells:

 Spells                   Type           Power      Damage    Failure   Level
 Apportation              Tloc           0%         N/A       88%         1
 Necrotise                Necr           0%         1d4       88%         1
 Sting                    Tmut/Pois      0%         1d3       88%         1
 Blink                    Tloc           0%         N/A       96%         2
 Cigotuvi's Dreadful Rot  Necr/Pois/Air  0%         N/A       96%         2
 Ensorcelled Hibernation  Hex/Ice        0%         N/A       96%         2
 Passwall                 Tmut/Erth      0%         N/A       96%         2
 Poisonous Vapours        Pois/Air       0%         N/A       96%         2
 Frozen Ramparts          Ice            0%         1d1       99%         3
 Ignite Poison            Fire/Tmut/Pois 0%         N/A       99%         3
 Spider Form              Tmut/Pois      0%         N/A       99%         3
 Swiftness                Air            0%         N/A       99%         3
 Vampiric Draining        Necr           0%         2d6       99%         3
 Dispel Undead            Necr           0%         3d6       100%        4
 Ice Form                 Ice/Tmut       0%         N/A       100%        4
 Leda's Liquefaction      Hex/Erth       0%         N/A       100%        4
 Manifold Assault         Tloc           0%         N/A       100%        4
 Olgreb's Toxic Radiance  Pois           0%         N/A       100%        4
 Agony                    Necr           0%         N/A       100%        5
 Lee's Rapid Deconstruct  Erth           0%         3d4*      100%        5
 Yara's Violent Unravell  Hex/Tmut       0%         3d3       100%        5
 Dispersal                Tloc           0%         N/A       100%        6
 Eringya's Noxious Bog    Tmut/Pois      0%         N/A       100%        6
 Statue Form              Tmut/Erth      0%         N/A       100%        6
 Enfeeble                 Hex            0%         N/A       100%        7
 Storm Form               Tmut/Air       0%         N/A       100%        7
 Disjunction              Tloc           0%         N/A       100%        8
 Summon Small Mammal      Summ           Unusable   N/A       N/A         1
 Summon Ice Beast         Ice/Summ       Unusable   N/A       N/A         4
 Summon Forest            Summ/Tloc      Unusable   N/A       N/A         5
 Death Channel            Necr           Unusable   N/A       N/A         6
 Summon Hydra             Summ           Unusable   N/A       N/A         7

Dungeon Overview and Level Annotations

Branches:
Dungeon (13/15)            Temple (0/1) D:7            Lair (5/5) D:11
  Swamp (1/4) Lair:3        Snake (3/4) Lair:3        Slime (0/5) Lair:4
    Orc (0/2) D:11          Sewer (visited)         Ossuary (visited)
 Bailey (visited)           IceCv (visited)         Gauntlet (visited)
 Vaults: D:13-14

Altars:
Cheibriados
Dithmenos
Elyvilon
Gozag
Nemelex Xobeh
Okawaru
Qazlal
Trog
Wu Jian
Yredelemnul
Zin
The Shining One

Shops:
D:9 [   Snake:1 ?!(*

Annotations:
Snake:3 Asterion


Innate Abilities, Weirdness & Mutations

You have a pair of horns on your head.
You reflexively headbutt those who attack you in melee.
You are partially covered in large bone plates. (SH +4)
Your mind is very acute. (Int +8, Str/Dex -2)


Message History

You headbutt Asterion, but do no damage.
Asterion is moderately wounded.
You block Asterion's attack. Asterion barely misses you.
Asterion blocks your attack.
Asterion is moderately wounded.
Asterion hits you with a +0 demon trident of draining!
You feel drained. You block Asterion's attack.
You slash Asterion! You freeze Asterion. You headbutt Asterion!
Asterion is heavily wounded.
Asterion hits you with a +0 demon trident of draining!!
You feel drained. You block Asterion's attack.
You slash Asterion! You freeze Asterion. Asterion blocks your attack.
Asterion is heavily wounded.
Asterion misses you. You furiously retaliate!
You headbutt Asterion!! Asterion gores you!
You hit Asterion but do no damage. You headbutt Asterion.
Asterion is severely wounded.
You block Asterion's attack. x2
You hit Asterion but do no damage.
Asterion is severely wounded.
Asterion conjures a destructive force in the name of Makhleb!
The bolt of fire hits you!!
* * * LOW HITPOINT WARNING * * *
You feel much better. Asterion completely misses you.
You block Asterion's attack.
Asterion hits you with a +0 demon trident of draining!
* * * LOW HITPOINT WARNING * * *
You feel drained.
* * * LOW HITPOINT WARNING * * *
You block Asterion's attack.
You hit Asterion but do no damage.
Asterion is severely wounded.
You block Asterion's attack. x2
You slice Asterion!! You freeze Asterion! Your headbutt misses Asterion.
Asterion is almost dead.
Asterion closely misses you. Asterion gores you but does no damage.
You slash Asterion! You freeze Asterion. You headbutt Asterion.
Asterion is almost dead.
Asterion hits you with a +0 demon trident of draining!!
You die...

##. ..# ... #$.#
#...##### ###...#
#.......####.....#
.....♣♣~~♣.......#
.....~~~.........##
.....♣~~~....)....#
#....H@........#
#...####.......# ##
###†....# ##....#
.. ##.?.# ## ..##
#/..##...
....#####......#
#...........###
#.........##


You could see Asterion (fast, strong).

Vanquished Creatures
  Vashnia (Snake:2)
  Mlioglotl (Snake:2)
  2 frost giants (IceCv)
  Aizul (Snake:2)
  A white draconian (IceCv)
  A minotaur (Gauntlet)
  Snorg (Lair:5)
  A salamander tyrant (Snake:2)
  Erolcha (D:13)
  6 ironbound frosthearts (IceCv)
  7 hydras
  2 centaur warriors
  2 boulder beetles
  7 ice dragons (IceCv)
  3 catoblepae
  4 anacondas
  3 two-headed ogres
  6 naga warriors
  A death knight (D:13)
  7 naga sharpshooters
  2 death scarabs (Gauntlet)
  3 shock serpents
  Sonja (Lair:3)
  A fire crab (D:13)
  A spectral catoblepas (Gauntlet)
  4 salamander mystics
  2 skysharks (Lair:5)
  2 spectral death yaks (Gauntlet)
  11 sea snakes
  A slime creature (D:12)
  A naga ritualist (Snake:1)
  3 lindwurms
  An orange crystal statue (IceCv)
  A phantasmal warrior (D:13)
  A manticore (D:11)
  2 deep elf pyromancers
  2 mana vipers (Snake:1)
  7 ugly things
  2 cyclopes
  13 salamanders
  8 elephants (Lair:5)
  13 black mambas
  A torpor snail (Lair:1)
  The ghost of HoaS the Skirmisher, a novice GrHu of Zin (D:7)
  6 naga magi
  Joseph (D:10)
  3 ice statues
  Maggie (Lair:1)
  A gargoyle (D:11)
  11 cane toads
  10 rime drakes
  A minotaur zombie (Gauntlet)
  9 komodo dragons
  An efreet (D:10)
  A freezing wraith (Lair:5)
  5 trolls
  A queen bee (Lair:3)
  14 polar bears
  9 hornets
  A wolf spider simulacrum (Gauntlet)
  Grinder (D:5)
  10 blink frogs
  Prince Ribbit (D:7)
  3 centaur simulacra (Gauntlet)
  38 yaks
  24 spriggans
  2 vampires
  A water elemental (D:11)
  2 wraiths (D:13)
  4 shadows
  2 wyverns
  A spectral komodo dragon (Gauntlet)
  4 basilisks
  6 vampire mosquitoes
  5 hogs (D:13)
  2 steam dragons
  The ghost of Endy73 the Conjurer, an amateur DgCj (D:3)
  16 nagas
  Menkaure (D:7)
  17 water moccasins
  2 acid dragons
  Pargi (Sewer)
  4 orc warriors
  2 black bears
  6 ice beasts (Lair:5)
  A sky beast (D:7)
  8 boggarts
  31 wolves
  15 centaurs
  A phantom (D:7)
  11 bullfrogs
  A necrophage (D:7)
  2 gnoll sergeants
  3 scorpions
  10 wights
  28 killer bees
  5 howler monkeys
  12 electric eels
  A wyvern simulacrum (Gauntlet)
  4 hounds
  Crazy Yiuf (D:6)
  4 orc priests
  A gnoll bouda (D:9)
  3 jellies
  Ijyb (D:3)
  Terence (D:3)
  8 iguanas
  12 hell rats (Lair:1)
  8 orc wizards
  8 mummies (Ossuary)
  29 gnolls
  8 adders
  17 river rats
  A shadow imp (D:6)
  A white imp (Lair:5)
  An ufetubus (D:6)
  5 worms
  2 dart slugs
  33 orcs
  3 ball pythons
  5 bats
  2 endoplasms (D:4)
  2 giant cockroaches
  4 gnoll zombies (Ossuary)
  10 goblins
  9 hobgoblins
  2 jackals (D:1)
  12 kobolds
  14 quokkas
  5 frilled lizards
  A kobold zombie (Ossuary)
  3 orc zombies (Ossuary)
  27 rats
749 creatures vanquished.

Vanquished Creatures (others)
  Kirke (D:13)
  A wolf (D:11)
  26 fungi
  48 plants
76 creatures vanquished.

Grand Total: 825 creatures vanquished

Notes
Turn   | Place    | Note
-------+----------+-------------------------------------------
     0 | D:1      | senseless the Minotaur Fighter began the quest for the Orb.
     0 | D:1      | Reached XP level 1. HP: 19/19 MP: 0/0
   133 | D:1      | Reached XP level 2. HP: 24/27 MP: 1/1
   432 | D:2      | Reached XP level 3. HP: 32/33 MP: 2/2
   471 | D:2      | Reached XP level 4. HP: 32/40 MP: 3/3
   980 | D:2      | Found a faded altar of an unknown god.
  1625 | D:3      | Noticed Terence
  1633 | D:3      | Killed Terence
  1634 | D:3      | Reached XP level 5. HP: 35/47 MP: 4/4
  1733 | D:3      | Noticed Ijyb
  1746 | D:3      | Killed Ijyb
  1837 | D:3      | Identified the +0 ring mail of Caheufun {SInv}
  1895 | D:3      | Found a transporter.
  1949 | D:3      | Found a transporter.
  1954 | D:3      | Noticed Endy73's ghost (amateur DgCj)
  2111 | D:3      | You fall into a shaft and drop 2 floors!
  2111 | D:5      | Entered Level 5 of the Dungeon
  2118 | D:5      | Noticed Grinder
  2119 | D:5      | Paralysed by Grinder for 4 turns
  2120 | D:5      | Reached skill level 5 in Fighting
  2120 | D:5      | Reached skill level 5 in Armour
  2120 | D:5      | Reached skill level 5 in Shields
  2127 | D:5      | Paralysed by Grinder for 2 turns
  2129 | D:5      | Killed Grinder
  2130 | D:5      | Reached XP level 6. HP: 34/56 MP: 5/5
  2155 | D:5      | Found an ornate altar of the Wu Jian Council.
  2156 | D:5      | Found a glowing silver altar of Zin.
  2271 | D:5      | Reached skill level 5 in Axes
  2271 | D:5      | Reached XP level 7. HP: 62/62 MP: 6/6
  2416 | D:5      | Found a glowing drain.
  2432 | Sewer    | Entered a sewer
  2491 | Sewer    | Noticed Pargi
  2505 | Sewer    | Killed Pargi
  2671 | D:5      | Gained mutation: A frigid envelope surrounds you and
                  | freezes all who hurt you. [potion of mutation]
  2671 | D:5      | Gained mutation: Your mind is acute. (Int +4, Str/Dex -1)
                  | [potion of mutation]
  2671 | D:5      | Gained mutation: You occasionally lose the ability to drink
                  | potions when taking damage. [potion of mutation]
  2671 | D:5      | Gained mutation: Your mind is very acute. (Int +8, Str/Dex
                  | -2) [potion of mutation]
  3240 | D:4      | Found an opulent altar of Gozag.
  4067 | D:3      | Found an iron altar of Okawaru.
  4079 | D:3      | Became a worshipper of Warmaster Okawaru
  4190 | D:3      | Killed Endy73's ghost
  4191 | D:3      | Reached XP level 8. HP: 35/71 MP: 7/7
  4915 | D:6      | Identified the +1 scale mail of Suc Viut {Dex-2 Slay+5 SInv
                  | Stlth+}
  4939 | D:6      | Identified the +0 ring mail of the Lich-sworn {rPois rCorr
                  | Dex-2}
  4945 | D:6      | Noticed an air elemental
  4949 | D:6      | Found a stormy altar of Qazlal.
  5237 | D:6      | Found a runed translucent door.
  5238 | D:6      | Noticed Crazy Yiuf
  5369 | D:6      | Killed Crazy Yiuf
  5425 | D:7      | Noticed Menkaure
  5427 | D:7      | Killed Menkaure
  5427 | D:7      | Reached * piety under Okawaru
  5465 | D:7      | Found a sand-covered staircase.
  5470 | Ossuary  | Entered an ossuary
  5640 | D:7      | Lost mutation: Your mind is very acute. (Int +8, Str/Dex
                  | -2) [potion of mutation]
  5640 | D:7      | Lost mutation: You occasionally lose the ability to drink
                  | potions when taking damage. [potion of mutation]
  5640 | D:7      | Lost mutation: A frigid envelope surrounds you and freezes
                  | all who hurt you. [potion of mutation]
  5640 | D:7      | Gained mutation: You are partially covered in large bone
                  | plates. (SH +4) [potion of mutation]
  5640 | D:7      | Gained mutation: Your mind is very acute. (Int +8, Str/Dex
                  | -2) [potion of mutation]
  5722 | D:7      | Found a flagged portal.
  5737 | Bailey   | Entered a bailey
  6210 | D:7      | Noticed Prince Ribbit
  6216 | D:7      | Killed Prince Ribbit
  6217 | D:7      | Reached XP level 9. HP: 81/81 MP: 8/8
  6260 | D:7      | Found a staircase to the Ecumenical Temple.
  6456 | D:7      | Reached ** piety under Okawaru
  6671 | D:7      | Found a runed translucent door.
  6680 | D:7      | Noticed HoaS's ghost (novice GrHu)
  6875 | D:7      | Found a shadowy altar of Dithmenos.
  7389 | D:7      | Killed HoaS's ghost
  7389 | D:7      | Reached *** piety under Okawaru
  7473 | D:8      | Found a sparkling altar of Nemelex Xobeh.
  7473 | D:8      | Noticed a two-headed ogre
  7473 | D:8      | Noticed a two-headed ogre
  7485 | D:8      | Killed a two-headed ogre
  7485 | D:8      | Reached **** piety under Okawaru
  7486 | D:8      | Reached XP level 10. HP: 13/91 MP: 9/9
  7486 | D:8      | Killed a two-headed ogre
  7959 | D:8      | Found a white marble altar of Elyvilon.
  8029 | D:8      | Found a basalt altar of Yredelemnul.
  8425 | D:9      | Reached skill level 10 in Fighting
  8425 | D:9      | Reached skill level 10 in Armour
  8425 | D:9      | Reached skill level 10 in Shields
  8573 | D:9      | Found Yptagaaff's Antique Armour Boutique.
  8584 | D:9      | Bought a glowing cloak for 217 gold pieces
  8584 | D:9      | Bought a dazzling chain mail for 275 gold pieces
  8584 | D:9      | Identified the +7 chain mail of Entitlement {rPois MP+9}
                  | (You bought it in a shop on level 9 of the Dungeon)
  8887 | D:9      | Reached ***** piety under Okawaru
  9281 | D:9      | Reached skill level 10 in Axes
  9335 | D:10     | Entered Level 10 of the Dungeon
  9382 | D:10     | Identified the +2 robe of Uruduak {Archmagi} (Okawaru
                  | gifted it to you on level 10 of the Dungeon)
  9382 | D:10     | Received a gift from Okawaru
  9624 | D:10     | Noticed Joseph
  9637 | D:10     | Killed Joseph
  9708 | D:10     | Found a large runed translucent door.
  9713 | D:10     | Found a large runed translucent door.
  9857 | D:10     | Reached XP level 11. HP: 88/101 MP: 10/10
  9960 | D:10     | Noticed a deep elf pyromancer
  9970 | D:10     | Killed a deep elf pyromancer
 10101 | D:10     | Noticed a two-headed ogre
 10116 | D:10     | Killed a two-headed ogre
 10353 | D:10     | Found a bloodstained altar of Trog.
 10367 | D:10     | Found a glowing golden altar of the Shining One.
 10717 | D:11     | Noticed a centaur warrior
 10751 | D:11     | Killed a centaur warrior
 11059 | D:11     | Found a staircase to the Lair.
 11294 | D:11     | Received a gift from Okawaru
 11380 | D:11     | Found a staircase to the Orcish Mines.
 11776 | D:12     | Noticed a cyan ugly thing
 11794 | D:12     | Noticed a boulder beetle
 11809 | D:12     | Killed a cyan ugly thing
 11862 | D:12     | Killed a boulder beetle
 11974 | D:12     | Reached ****** piety under Okawaru
 12108 | D:12     | Received a gift from Okawaru
 12109 | D:12     | Reached XP level 12. HP: 108/113 MP: 11/11
 12542 | D:13     | Noticed a death knight
 12555 | D:13     | Killed a death knight
 12779 | D:13     | Noticed Erolcha
 12780 | D:13     | Noticed a catoblepas
 12788 | D:13     | Noticed a centaur warrior
 12793 | D:13     | Killed Erolcha
 12817 | D:13     | Killed a catoblepas
 12817 | D:13     | Received a gift from Okawaru
 12833 | D:13     | Killed a centaur warrior
 13176 | D:13     | Noticed Kirke
 13401 | D:13     | Killed Kirke
 14102 | Lair:1   | Entered Level 1 of the Lair of Beasts
 14866 | Lair:1   | Noticed Maggie
 14871 | Lair:1   | Identified the +2 hat of Cloud Cover {rPois rCorr Dex-2
                  | SInv} (Okawaru gifted it to you on level 1 of the Lair of
                  | Beasts)
 14871 | Lair:1   | Received a gift from Okawaru
 14878 | Lair:1   | Killed Maggie
 15478 | Lair:2   | Reached XP level 13. HP: 123/123 MP: 12/12
 15738 | Lair:2   | You fall into a shaft and drop 1 floor!
 16507 | Lair:3   | Received a gift from Okawaru
 16660 | Lair:3   | Found a staircase to the Swamp.
 16931 | Lair:3   | Noticed Sonja
 16951 | Lair:3   | Killed Sonja
 17065 | Lair:3   | Found a staircase to the Snake Pit.
 17263 | Lair:4   | Found a gate leading to a gauntlet.
 17269 | Gauntlet | Entered a Gauntlet
 17269 | Gauntlet | Found a transporter.
 17269 | Gauntlet | Found a transporter.
 17269 | Gauntlet | Found a transporter.
 17283 | Gauntlet | Received a gift from Okawaru
 17284 | Gauntlet | Found a transporter.
 17284 | Gauntlet | Found a transporter.
 17289 | Gauntlet | Identified the ring "Bownu" {MP-9 Str+6 Dex+4 Slay+2}
 17326 | Gauntlet | Found a transporter.
 17328 | Gauntlet | Found a transporter.
 17330 | Gauntlet | Found a runed translucent door.
 17332 | Gauntlet | Found a runed translucent door.
 17334 | Gauntlet | Found a large runed translucent door.
 17340 | Gauntlet | Found a transporter.
 17349 | Gauntlet | Received a gift from Okawaru
 17359 | Gauntlet | Received a gift from Okawaru
 17433 | Gauntlet | Noticed a minotaur
 17448 | Gauntlet | Killed a minotaur
 17539 | Gauntlet | Got the Compendium of the Sage
 17778 | Lair:4   | Reached skill level 15 in Armour
 17816 | Lair:4   | Received a gift from Okawaru
 17817 | Lair:4   | Reached skill level 15 in Fighting
 17817 | Lair:4   | Reached skill level 15 in Shields
 17913 | Lair:4   | Reached XP level 14. HP: 135/135 MP: 13/13
 17962 | Lair:4   | Found a staircase to the Slime Pits.
 18223 | Lair:4   | Reached skill level 15 in Axes
 18828 | Lair:4   | Received a gift from Okawaru
 18839 | Lair:4   | Upgraded the game from 0.30-a0-782-ge64f9170bb to
                  | 0.30-a0-918-g0ff054e9dc
 18869 | Lair:5   | Entered Level 5 of the Lair of Beasts
 19053 | Lair:5   | Received a gift from Okawaru
 19399 | Lair:5   | Noticed Snorg
 19408 | Lair:5   | Killed Snorg
 19615 | Lair:5   | Identified the +6 giant club of Fragile Peace {spect, rF+}
 19842 | Lair:5   | Received a gift from Okawaru
 19842 | Lair:5   | Found the +18 Lear's hauberk
 20016 | Lair:5   | Identified the +8 mace of Yeast {flame, Will++}
 20287 | Swamp:1  | Entered Level 1 of the Swamp
 20365 | Snake:1  | Entered Level 1 of the Snake Pit
 20536 | Snake:1  | Reached XP level 15. HP: 103/145 MP: 14/14
 20797 | Snake:1  | Found Liefom's General Store.
 20846 | Snake:1  | Found Kiwis's Antique Weapon Emporium.
 20848 | Snake:1  | Found Riddet Ufei's Distillery.
 20850 | Snake:1  | Found Fualiuho's Magic Scroll Emporium.
 21172 | Snake:1  | Bought a scroll of enchant weapon for 142 gold pieces
 21313 | Snake:2  | Identified the +2 mace "Bahuem" {flame, rElec rF++ Will+}
 21403 | Snake:2  | Found a frozen archway.
 21421 | Snake:2  | Found a snail-covered altar of Cheibriados.
 21732 | Snake:2  | Noticed Vashnia
 21732 | Snake:2  | Noticed Aizul
 21750 | Snake:2  | Killed Aizul
 21768 | Snake:2  | Killed Vashnia
 21768 | Snake:2  | Identified the +0 ring mail of Taregroif {Dex+5} (Okawaru
                  | gifted it to you on level 2 of the Snake Pit)
 21768 | Snake:2  | Received a gift from Okawaru
 21810 | IceCv    | Entered an ice cave
 22431 | IceCv    | Noticed a frost giant
 22431 | IceCv    | Noticed a frost giant
 22450 | IceCv    | Killed a frost giant
 22455 | IceCv    | Killed a frost giant
 23150 | Snake:2  | Noticed Mlioglotl
 23158 | Snake:2  | Received a gift from Okawaru
 23174 | Snake:2  | Killed Mlioglotl
 23313 | Snake:2  | Reached XP level 16. HP: 126/157 MP: 15/15
 24284 | Snake:3  | Identified the +0 kite shield of Analysis {rPois Int+2}
 24284 | Snake:3  | Noticed Asterion
 24292 | Snake:3  | Noticed an Executioner
 24307 | Snake:3  | Mangled by Asterion

Illustrated notes

Levels and vault maps discovered:
D:1:      nagdon_arrival_zigzag_paths, layout_basic, minmay_misc_feat_tiny
D:2:      layout_loops_corners, basic_ecumenical_altar, minmay_pentomino_w2
D:3:      layout_loops_ring, okawaru_altar_gauntlet_db,
          gammafunk_ghost_gnarly_gnolls, uniq_ijyb, uniq_terence
D:4:      layout_loops_corners, mainiacjoe_overflow_boulevard
D:5:      layout_loops_ring, nicolae_overflow_squiral,
          lightli_sewer_entry_pipes, uniq_grinder
D:6:      layout_gridville, nicolae_qazlal_style_of_elements,
          uniq_crazy_yiuf_cottage
D:7:      layout_basic, grunt_dithmenos_shadows, lemuel_temple_firewalk_a,
          enter_bailey_5, ebering_ghost_reflecting_pool, enter_ossuary_5,
          kennysheep_big_empty_room, minmay_misc_feat_nine_boxes, uniq_menkaure,
          uniq_prince_ribbit1
D:8:      layout_loops_ring, kennysheep_ying_yang, nemelex_diamond_rough_becter
D:9:      layout_basic, serial_shops, nicolae_diamond_shop, serial_glass,
          glass_columns_b, glass_columns_a, due_unseen_surprise,
          minmay_strange_pillars, item_on_display_a
D:10:     layout_rooms, jmf_multi_god_temple2, minmay_bent, uniq_joseph
D:11:     layout_irregular_city, erik_lair_island, orc_0_dummy
D:12:     layout_rooms
D:13:     layout_basic, nicolae_elevator_lobby_asterisk, uniq_erolcha,
          uniq_kirke
Lair:1:   lemuel_ratsnest, layout_hall_layers, grunt_megastairs_3, uniq_maggie
Lair:2:   beast_lair_carwin_large_2, layout_cave_pods, serial_bayou_pond_d,
          lemuel_fruit_tree
Lair:3:   layout_roguey [special_room_bee], palyth_hydra_swamp_entry,
          infiniplex_staircase_pool_2, uniq_sonja
Lair:4:   kb_forest_paths, layout_loops_ring, slime_entry_1,
          gauntlet_entry_generic
Lair:5:   minmay_lair_end_enchanted_forest, layout_regular_city, st_stairs_11,
          ice2_lemuel, uniq_snorg
Swamp:1:  layout_falls_marsh, nicolae_swamp_little_tower, swamp_pool3,
          st_swamp_mini, uniq_jorgrun
Snake:1:  layout_basic, serial_shops, nicolae_shop_window_shopping,
          minmay_shop_star
Snake:2:  layout_onion_interference, portal_ice_cave_entry_ice_statue_two,
          basic_altar, serial_bayou_shore_a, uniq_aizul, uniq_vashnia,
          uniq_mlioglotl
Snake:3:  layout_layer_cave, serial_bayou, serial_bayou_lake_a,
          serial_bayou_crossing, serial_bayou_pond_b, serial_bayou_shore_b,
          serial_bayou_pond_e, serial_bayou_lagoon_b, grunt_megastairs_4,
          minmay_shop_grove, uniq_nikola, uniq_asterion

Skill      XL: |  1  2  3  4  5  6  7  8  9 10 11 12 13 14 15 16 |
---------------+-------------------------------------------------+-----
Shields        | 4 5 6 8 9 10 12 13 15 16 17 18 | 18.1
Fighting       | 4 5 6 8 9 10 12 13 15 16 17 18 | 18.1
Armour         | 4 5 6 8 9 10 12 13 15 16 17 18 | 18.1
Axes           | 3 4 5 6 7 9 10 12 13 14 16 17 | 17.9

Action                     |  1- 3 |  4- 6 |  7- 9 | 10-12 | 13-15 | 16-18 || total
---------------------------+-------+-------+-------+-------+-------+-------++-------
  Melee: War axe           |    49 |    94 |   248 |   124 |    19 |       ||   534
         Headbutt          |     8 |     8 |    52 |   156 |   292 |    40 ||   556
         Hand axe          |       |       |       |   308 |       |       ||   308
         Broad axe         |       |       |       |   230 |  1133 |   156 ||  1519
         Unarmed           |       |       |       |     3 |       |       ||     3
 Invoke: Heroism           |       |       |       |     1 |       |       ||     1
  Evoke: Wand              |       |       |       |       |     6 |       ||     6
    Use: Scroll            |       |     9 |    18 |    11 |     5 |     2 ||    45
         Potion            |       |     1 |     2 |       |     5 |     1 ||     9
   Stab: Petrified         |       |       |       |       |     3 |       ||     3
 Armour: Scale mail        |    11 |       |    26 |    10 |       |       ||    47
         Chain mail        |    18 |    55 |    47 |   254 |   223 |       ||   597
         Plate armour      |       |       |       |       |   122 |    38 ||   160
  Dodge: Dodged            |    18 |    33 |   122 |   210 |   311 |    25 ||   719
  Block: Buckler           |    13 |    15 |    44 |       |       |       ||    72
         Kite shield       |       |       |   163 |   627 |  1297 |   150 ||  2237
         Reflection        |       |       |       |       |    46 |    17 ||    63

Table legend: (Time is in decaauts)
 A = Elapsed time spent in this place.
 B = Non-inter-level travel time spent in this place.
 C = Inter-level travel time spent in this place.
 D = Time resting spent in this place.
 E = Time spent auto-exploring this place.
 F = Levels seen in this place.
 G = Mean time per level.
                   A        B        C        D        E       F      G
               +--------+--------+--------+--------+--------+-----+--------+
         Total |  24339 |  23461 |    878 |    977 |  17521 |  27 |  901.4 |
       Dungeon |  13383 |  12838 |    545 |    491 |  10059 |  13 | 1029.5 |
          Lair |   5908 |   5618 |    290 |     14 |   4258 |   5 | 1181.6 |
         Swamp |      1 |      1 |      0 |      0 |      0 |   1 |    1.0 |
     Snake Pit |   2631 |   2590 |     41 |    264 |   1682 |   3 |  877.0 |
         Sewer |    271 |    271 |      0 |      0 |    204 |   1 |  271.0 |
       Ossuary |    175 |    175 |      0 |      0 |    105 |   1 |  175.0 |
        Bailey |    430 |    430 |      0 |      0 |    286 |   1 |  430.0 |
      Ice Cave |   1195 |   1195 |      0 |    172 |    748 |   1 | 1195.0 |
      Gauntlet |    341 |    341 |      0 |     36 |    178 |   1 |  341.0 |
               +--------+--------+--------+--------+--------+-----+--------+

Top non-repeatable levels by time:
    D:13: 1649 daAuts
     D:7: 1417 daAuts
  Lair:5: 1290 daAuts
  Lair:4: 1282 daAuts
    D:11: 1281 daAuts
  Lair:3: 1244 daAuts
   IceCv: 1195 daAuts
     D:2: 1165 daAuts
     D:3: 1150 daAuts
 Snake:1: 1146 daAuts
  Lair:1: 1139 daAuts
     D:9: 1098 daAuts
    D:10: 1078 daAuts
  Lair:2: 952 daAuts
     D:4: 882 daAuts
